Map: Bridgehead LE (Void)

Players

Tigerlily

  • Race: Protoss Protoss
  • League: Silver

Entropy - Winner!

  • Race: Zerg Zerg
  • League: Grandmaster

VOD

Have the link to the VOD?

Description

me playing in shit tier because unranked and not really giving a fuck

Time

  • Played on: Oct. 8, 2015, 6:45 p.m.
  • Length: 7:12
Show
View Real Time Build Order
Export as new Build Order

Tigerlily Protoss 

Build Orders: Nexus First 

Get SALT Encoding   

  12  0:01  Probe (Chrono Boost)  
  13  0:12  Probe (Chrono Boost)  
  14  0:18  Pylon  
  14  0:22  Probe (Chrono Boost)  
  15  0:36  Probe (Chrono Boost)  
  16  0:47  Probe (Chrono Boost)  
  17  1:02  Nexus  
  17  1:11  Gateway  
  17  1:14  Probe (Chrono Boost)  
  18  1:24  Probe (Chrono Boost), Assimilator  
  19  1:27  Assimilator  
  19  1:35  Probe (Chrono Boost)  
  20  1:46  Probe (Chrono Boost)  
  21  1:56  Probe (Chrono Boost)  
  22  2:06  Cybernetics Core  
  22  2:07  Probe (Chrono Boost)  
  24  2:15  Probe (Chrono Boost)  
  24  2:17  Probe (Chrono Boost)  
  25  2:26  Probe (Chrono Boost)  
  25  2:28  Probe (Chrono Boost)  
  25  2:29  Pylon  
  27  2:37  Probe (Chrono Boost)  
  28  2:38  Probe (Chrono Boost)  
  29  2:47  Stargate  
  29  2:49  Pylon  
  29  2:50  Warp Gate  
  29  2:53  Mothership Core (Chrono Boost)  
  29  2:56  Probe (Chrono Boost)  
  32  3:00  Assimilator  
  32  3:04  Assimilator  
  32  3:07  Probe (Chrono Boost)  
  32  3:12  Probe (Chrono Boost)  
  34  3:17  Probe (Chrono Boost)  
  35  3:22  Probe (Chrono Boost)  
  35  3:25  Pylon  
  36  3:28  Probe (Chrono Boost)  
  36  3:33  Probe (Chrono Boost)  
  38  3:36  Void Ray  
  38  3:38  Probe (Chrono Boost)  
  43  3:43  Probe (Chrono Boost)  
  44  3:49  Probe (Chrono Boost)  
  44  3:50  Stargate  
  28  4:19  Void Ray  
  31  4:46  Pylon  
  31  4:49  Probe x2 (Chrono Boost)  
  33  4:59  Probe (Chrono Boost)  
  34  5:06  Probe (Chrono Boost)  
  33  5:09  Void Ray  
  33  5:10  Probe (Chrono Boost), Pylon  
  33  5:23  Probe x2 (Chrono Boost)  
  35  5:44  Void Ray  
  35  5:49  Probe (Chrono Boost)  
  40  6:06  Pylon  
  40  6:08  Probe x2 (Chrono Boost)  
  43  6:18  Probe x2 (Chrono Boost)  
  43  6:24  Phoenix (Chrono Boost)  
  45  6:29  Probe (Chrono Boost)  
  50  6:51  Probe  
  50  6:53  Probe  
Show
View Real Time Build Order
Export as new Build Order

Entropy Zerg - Winner!

Build Orders: Hatch First 

Get SALT Encoding   

  12  0:01  Drone  
  13  0:12  Overlord  
  13  0:18  Drone  
  14  0:29  Extractor  
  14  0:30  Drone  
  14  0:35  Drone x2  
  17  0:56  Hatchery  
  16  1:00  Drone  
  16  1:01  Drone  
  18  1:05  Extractor  
  18  1:06  Drone  
  18  1:22  Spawning Pool  
  17  1:27  Drone  
  17  1:30  Drone  
  19  1:40  Drone  
  20  1:58  Hatchery  
  20  1:59  Drone  
  20  2:04  Drone  
  21  2:08  Metabolic Boost  
  21  2:19  Queen  
  23  2:28  Queen  
  25  2:31  Drone  
  26  2:37  Overlord  
  28  2:58  Zergling x2  
  28  2:59  Zergling x6  
  28  3:00  Zergling x2  
  33  3:06  Drone  
  33  3:11  Drone x3  
  37  3:16  Queen  
  37  3:19  Lair  
  37  3:24  Overlord  
  37  3:32  Drone x3  
  40  3:36  Drone  
  40  3:37  Drone  
  42  3:42  Extractor  
  42  3:44  Drone, Extractor  
  42  3:45  Drone, Extractor  
  42  3:47  Drone  
  42  3:49  Drone  
  43  3:58  Zergling x2  
  43  3:59  Zergling x6  
  46  4:15  Spore Crawler  
  45  4:17  Drone x2  
  45  4:18  Drone  
  45  4:19  Drone  
  45  4:20  Drone  
  45  4:21  Overlord  
  49  4:25  Spore Crawler  
  48  4:37  Drone  
  48  4:38  Drone x2  
  49  4:39  Drone, Spire  
  49  4:47  Drone  
  49  4:48  Drone  
  49  4:49  Drone x2  
  49  5:00  Drone x2  
  49  5:01  Drone x4  
  55  5:14  Drone x2  
  55  5:19  Spore Crawler  
  55  5:20  Overlord x2  
  55  5:27  Drone x3  
  58  5:30  Spore Crawler  
  58  5:33  Overlord  
  57  5:40  Overlord  
  57  5:50  Mutalisk x6  
  57  5:51  Mutalisk  
  57  5:53  Mutalisk  
  74  5:57  Drone  
  74  6:00  Drone x3  
  74  6:01  Drone  
  74  6:03  Overlord  
  78  6:12  Overlord  
  78  6:23  Mutalisk  
  78  6:24  Mutalisk  
  82  6:26  Hatchery  
  82  6:27  Overlord x2  
  81  6:44  Overlord x2  
  81  6:46  Mutalisk  
  83  6:47  Mutalisk x2  
  87  7:03  Extractor  
  87  7:07  Extractor  
Tags
 
Add a new tag
Caveats
  • Supply blocks, unpowered buildings, or Contaminate may cause inaccurate times.
  • Supply counts are checked every 10 seconds.